 Dungeon Crawl Stone Soup version bcrawl-1.27.6 (webtiles) character file.

Game seed: 4141739462833375604

183013 KristoblXynda the Slasher (level 5, -7/69 HPs)
             Began as a Draconian Gladiator on Sept 27, 2020.
             Killed by divine providence
             ... invoked by an orc priest
              (11 damage)
             ... on level 3 of the Dungeon.
             The game lasted 00:04:24 (2254 turns).

KristoblXynda the Slasher (Draconian Gladiator)     Turns: 2254, Time: 00:04:24

Health: -7/69      AC: 22    Str: 16    XL:     5   Next: 64%
Magic:  5/5        EV:  1    Int:  9    God:
Gold:   168        SH:  1    Dex: 13    Spells: 4/4 levels left

rFire    . . .     SeeInvis .   a - +0 long sword
rCold    . . .     Gourm    .   (no shield)
rNeg     + + +     Faith    .   (armour unavailable)
rPois    +         Spirit   .   (helmet currently unavailable)
rElec    .         Reflect  .   (cloak currently unavailable)
rCorr    .         Harm     .   (gloves currently unavailable)
MR       .....     NoTele   +   (boots currently unavailable)
Stlth    +.........             d - amulet of regeneration
HPRegen  0.36/turn              (no ring)
MPRegen  0.09/turn              (no ring)

@: tree-form
A: giant, unfitting armour, AC +5
a: no special abilities


You were on level 3 of the Dungeon.
You were not hungry.
You were a tree.
You visited 1 branch of the dungeon, and saw 3 of its levels.

You collected 168 gold pieces.

Inventory:

Hand Weapons
 a - a +0 long sword (weapon)
Missiles
 c - 3 throwing nets {=f}
Armour
 b - a +0 hat (melded)
 i - a scarf of spirit shield (melded)
 p - a +0 pair of gloves (melded)
Jewellery
 d - an amulet of regeneration (around neck)
Scrolls
 f - a scroll of remove curse {unknown}
 h - 2 scrolls of teleportation
 j - a scroll of noise {unknown}
 k - a scroll of blinking {unknown}
 m - a scroll of enchant weapon {unknown}
 n - a scroll of fear
 r - a scroll of fog {unknown}
Potions
 g - 2 potions of flight
 q - a potion of haste
Comestibles
 e - 2 rations {!d}


   Skills:
 + Level 3.7 Fighting
 * Level 4.9 Long Blades
 - Level 2.0 Throwing
 + Level 3.7 Dodging


You had 4 spell levels left.
You didn't know any spells.
Your spell library contained the following spells:

 Spells                   Type           Power        Failure   Level  Hunger
 Corona                   Hex            #......      38%         1    None
 Ensorcelled Hibernation  Hex/Ice        #.....       52%         2    ####...
 Confuse                  Hex            #.......     77%         3    #####..
 Dazzling Orbs            Conj/Hex       #......      77%         3    #####..
 Tukima's Dance           Hex            #.......     77%         3    #####..


Dungeon Overview and Level Annotations

Branches:
Dungeon (3/12)

Altars:


Innate Abilities, Weirdness & Mutations

((Your plain brown scales are hard. (AC +5)))
You cannot fit into any form of body armour.
((You are cold-blooded and may be slowed by cold attacks.))


Message History

You hit the orc.
The orc is heavily wounded.
You hit the orc.
The orc is severely wounded.
The orc hits you but does no damage.
You hit the orc priest.
The orc priest is lightly wounded.
The orc priest hits you but does no damage.
The orc hits you.
* * * LOW HITPOINT WARNING * * *
You closely miss the orc priest.
The orc priest is lightly wounded.
The orc priest hits you but does no damage.
The orc hits you but does no damage.
An orc comes into view. It is wielding a +0 war axe.
You barely miss the orc.
The orc is severely wounded.
The orc priest mumbles some strange prayers to Beogh against you.
Beogh smites you!
You die...

#.###.###...#...# #.
#.#####.###.# #...##..##
#o
#.#.....)...###...##....
#o
#.#.###.###.........#.##
##o #.#.# #.#
#########.#.# .o #.#.#
#.# #.#.# #o #.#.# #.#
#.#.# #.##.#.###o# #.#.#
#.<.....oo♣# #.#.#
....?.......o.### #.#.#
######^##.###.# ....# #.
#.# o?.. #o #.#.o...# #.
#...o..... #o
###...S.### #. #.....#


You could see an orc priest and 3 orcs.

Vanquished Creatures
  An orc priest (D:3)
  2 orc wizards (D:3)
  Jessica (D:3)
  A worker ant (D:3)
  2 oozes (D:2)
  3 worms
  4 dart slugs
  3 leopard geckos
  8 orcs (D:3)
  A giant cockroach (D:2)
  2 goblins
  2 hobgoblins
  A jackal (D:2)
  9 kobolds
  2 quokkas
  2 ball pythons
  6 bats
  3 frilled lizards (D:2)
  2 rats (D:2)
55 creatures vanquished.

Notes
Turn   | Place    | Note
-------+----------+-------------------------------------------
     0 | D:1      | KristoblXynda the Draconian Gladiator began the quest for
                  | the Orb.
     0 | D:1      | Reached XP level 1. HP: 17/17 MP: 1/1
   195 | D:1      | Reached XP level 2. HP: 20/25 MP: 2/2
   886 | D:2      | Reached XP level 3. HP: 30/30 MP: 3/3
  1689 | D:3      | Noticed Jessica
  1698 | D:3      | Killed Jessica
  1698 | D:3      | Reached skill level 4 in Long Blades
  1698 | D:3      | Reached XP level 4. HP: 27/38 MP: 2/4
  1731 | D:3      | Reached XP level 5. HP: 17/45 MP: 1/5
  2055 | D:3      | HP: 1/67 [orc priest/divine providence (11)]
  2062 | D:3      | HP: 1/67 [poisoned by an adder]
  2069 | D:3      | HP: 3/67 [poisoned by an adder]
  2252 | D:3      | HP: 3/69 [orc (3)]
  2254 | D:3      | Killed from afar by an orc priest

Skill      XL: |  1  2  3 |
---------------+----------+-----
Throwing       | 2 |  2.0
Dodging        | 3 |  3.7
Fighting       | 3 |  3.7
Long Blades    | 4 |  4.9

Action                   |  1- 3 |  4- 6 || total
-------------------------+-------+-------++-------
Melee: Long sword        |    96 |   121 ||   217
       Tailslap          |    11 |     7 ||    18
  Use: Scroll            |     2 |     3 ||     5
       Potion            |       |     3 ||     3
 Stab: Sleeping          |     2 |       ||     2
  Eat: Chunk             |     4 |     3 ||     7
       Ration            |       |     1 ||     1
Armor: Skin              |    32 |    74 ||   106
Dodge: Dodged            |    66 |    36 ||   102
Block: Other             |     1 |     1 ||     2
